 Dungeon Crawl Stone Soup version 0.13.0-21-ge43020b (webtiles) character file.

1205 Grandius the Magician (level 8, -2/50 HPs)
             Began as a Human Wizard on Oct 26, 2013.
             Slain by Duvessa
             ... wielding a +1,+2 elven short sword of draining
              (4 damage)
             ... on Level 6 of the Dungeon.
             The game lasted 02:02:37 (8595 turns).

Grandius the Magician (Human Wizard)                Turns: 8595, Time: 02:02:41

HP  -2/50        AC  8     Str  8      XL: 8   Next: 34%
MP   5/22        EV 12     Int 21      God:
Gold 266         SH  0     Dex 11      Spells:  7 memorised,  5 levels left

Res.Fire  : + . .   See Invis. : +   l - +0 elf long sword
Res.Cold  : x . .   Warding    : .   s - +1 robe
Life Prot.: . . .   Conserve   : .   (no shield)
Res.Poison: .       Res.Corr.  : .   h - +0 wizard hat
Res.Elec. : +       Clarity    : .   D - +0 elf cloak
Sust.Abil.: . .     Spirit.Shd : .   V - +0 pair of gloves
Res.Mut.  : .       Stasis     : .   o - +2 pair of boots
Res.Rott. : .       Flight     : .   (no amulet)
Saprovore : . . .                    u - ring of fire
                                     G - ring of see invisible

@: drained, slightly resistant to hostile enchantments, fairly stealthy
A: electricity resistance
a: no special abilities


You were on level 6 of the Dungeon.
You were very hungry.

You visited 1 branch of the dungeon, and saw 6 of its levels.

You collected 246 gold pieces.

Inventory:

Hand weapons
 a - a +0,+0 elven dagger
 e - a +0,+0 short sword
 l - a +0,+0 elven long sword (weapon)
 M - a +3,+3 quarterstaff of chaos
 U - a +0,+0 long sword
Missiles
 g - 19 darts (quivered)
 n - 24 darts of dispersal
Armour
 b - a +0 elven robe
 h - a +0 wizard hat (worn)
 o - a +2 pair of boots (worn)
 s - a +1 robe (worn)
 B - a +0 ring mail of cold resistance
 D - a +0 elven cloak (worn)
 V - a +0 pair of gloves (worn)
Magical devices
 q - a wand of slowing (3)
 A - a wand of magic darts (0)
 L - a wand of frost (0)
Comestibles
 d - 3 bread rations
Scrolls
 i - a scroll of amnesia {unknown}
 j - a scroll of recharging {unknown}
 k - 2 scrolls of remove curse
 m - 2 scrolls of enchant weapon II
 r - 2 scrolls of random uselessness
 w - a scroll of teleportation
 x - 2 scrolls of blinking
 y - a scroll of identify
 z - a scroll of enchant weapon I {unknown}
 C - a scroll of curse jewellery {unknown}
 E - a scroll of curse armour {unknown}
 F - 2 scrolls of fear
 K - a scroll of noise {unknown}
Jewellery
 f - an uncursed ring of ice
 u - a ring of fire (right hand)
 G - a ring of see invisible (left hand)
Books
 c - a book of Minor Magic

   Spells                             Type                      Level
   *Magic Dart                        Conjuration                  1
   *Blink                             Translocation                2
   *Call Imp                          Summoning                    2
   *Repel Missiles                    Charms/Air                   2
   *Slow                              Hexes                        2
   *Conjure Flame                     Conjuration/Fire             3
   *Mephitic Cloud                    Conjuration/Poison/Air       3


   Skills:
 + Level 0.2(0.0) Armour
 + Level 3.2(2.5) Dodging
 + Level 2.2(1.5) Stealth
 + Level 6.9(6.1) Spellcasting
 + Level 2.1(1.4) Conjurations
 + Level 4.4(3.7) Summonings
 + Level 1.4(0.7) Translocations
 + Level 0.2(0.0) Fire Magic
 + Level 0.2(0.0) Evocations


You had 5 spell levels left.
You knew the following spells:

 Your Spells              Type           Power        Failure   Level  Hunger
a - Magic Dart            Conj           ##..         6%          1    None
b - Blink                 Tloc           N/A          12%         2    None
c - Call Imp              Summ           ###.......   3%          2    None
d - Mephitic Cloud        Conj/Pois/Air  #.......     24%         3    ##.....
e - Slow                  Hex            #.......     14%         2    None
f - Conjure Flame         Conj/Fire      ##......     24%         3    ##.....
g - Repel Missiles        Chrm/Air       #.........   14%         2    None


Dungeon Overview and Level Annotations

Branches:
Dungeon (6/27)
 Temple: D:4-7          Orc: D:6-11

Altars:
Nemelex Xobeh

Shops:
D:5 *   D:6 (

Annotations:
D:5 Pikel
D:6 Duvessa


Innate Abilities, Weirdness & Mutations

You are resistant to electric shocks.


Message History

You are starving!
Your crimson imp hits the slave but does no damage.
Your white imp barely misses the slave.
The slave hits your white imp.
Your white imp dies!
Duvessa completely misses you.
Casting: Call Imp
Confirm with . or Enter, or press ? or * to list all spells.
You don't have the energy to cast that spell.
Casting: Call Imp
Confirm with . or Enter, or press ? or * to list all spells.
You don't have the energy to cast that spell.
Eat which item? (? for menu, Esc to quit)
You are feeling very hungry.
Duvessa hits you with a glowing elven short sword!
You feel drained.
* * * LOW HITPOINT WARNING * * *
Duvessa hits you with an elven short sword of draining!
* * * LOW HITPOINT WARNING * * *
You feel drained.
You die...

### #.# #######.#####
#......55@..#####
###)#########@#.e.# #...#
#...e.#.#5# #(###
#.#####.#(# #(#
#####.##..5.#(###### #.#
#........####.##...# ##5#
...#.##....##.##.#.# ..
#.5# #........#.##.e5.#.#
..K. #.##
...#.....#.#######.#....##
#.#
#...#>.@..e..ยงยง.......+


You could see Duvessa (berserk), a slave and 2 friendly crimson imps.

Vanquished Creatures
  An ice beast (D:5)
  A sky beast (D:5)
  2 ogres (D:5)
  A worker ant (D:3)
  A gnoll (D:5)
  2 adders (D:3)
  A worm (D:3)
  2 giant geckos (D:2)
  2 orcs (D:3)
  A ball python (D:3)
  6 bats
  5 giant cockroaches
  10 goblins
  6 hobgoblins
  A giant newt (D:2)
  A jackal (D:5)
  6 kobolds
  10 rats
  A fungus (D:3)
60 creatures vanquished.

Vanquished Creatures (collateral kills)
  The ghost of lhllhlh the Cutter, an experienced KoHu (D:5)
  A slave (D:6)
  A black bear (D:5)
  3 ice beasts (D:5)
  A jelly (D:5)
  Dowan (D:6)
  3 crimson imps
  Crazy Yiuf (D:2)
  A scorpion (D:5)
  A centaur skeleton (D:6)
  A giant frog skeleton (D:4)
  A hound (D:5)
  An orc priest (D:3)
  A worker ant (D:4)
  An orc wizard (D:4)
  Jessica (D:2)
  7 adders
  3 gnolls (D:5)
  A worm (D:5)
  An iguana skeleton (D:4)
  A giant eyeball (D:5)
  8 orcs
  5 ball pythons (D:3)
  6 bats
  A bat skeleton (D:4)
  4 goblins
  2 hobgoblins
  5 jackals (D:5)
  A quokka (D:6)
  A giant gecko (D:2)
  A giant gecko skeleton (D:5)
  2 giant newts (D:3)
  2 goblin skeletons (D:5)
  A hobgoblin skeleton (D:5)
  A jackal skeleton (D:6)
  6 kobolds
  A quokka zombie (D:5)
  2 rats
82 creatures vanquished.

Vanquished Creatures (others)
  38 crimson imps
  An iron imp (D:5)
  8 shadow imps
  43 white imps
  A hobgoblin (D:2)
  A fungus (D:3)
92 creatures vanquished.

Grand Total: 234 creatures vanquished

Notes
Turn   | Place    | Note
--------------------------------------------------------------
     0 | D:1      | Grandius, the Human Wizard, began the quest for the Orb.
     0 | D:1      | Reached XP level 1. HP: 11/11 MP: 5/5
   185 | D:1      | Reached XP level 2. HP: 17/17 MP: 1/7
   621 | D:1      | Reached XP level 3. HP: 22/22 MP: 5/9
   813 | D:1      | Learned a level 2 spell: Blink
   816 | D:1      | Learned a level 2 spell: Call Imp
   820 | D:1      | Learned a level 3 spell: Mephitic Cloud
   895 | D:2      | Noticed Jessica
   901 | D:2      | Killed Jessica
  1219 | D:2      | Reached skill level 4 in Spellcasting
  1702 | D:2      | Reached XP level 4. HP: 28/28 MP: 7/12
  1895 | D:2      | Noticed Crazy Yiuf
  1911 | D:2      | Killed Crazy Yiuf
  2724 | D:3      | Reached XP level 5. HP: 33/33 MP: 8/14
  3905 | D:3      | Learned a level 2 spell: Slow
  4349 | D:4      | Reached XP level 6. HP: 31/39 MP: 2/17
  4360 | D:4      | Reached skill level 5 in Spellcasting
  4544 | D:4      | Found a sparkling altar of Nemelex Xobeh.
  4689 | D:4      | Noticed an ice beast
  4900 | D:5      | Entered Level 5 of the Dungeon
  4940 | D:5      | Noticed lhllhlh's ghost (experienced KoHu)
  4944 | D:5      | Found Cupibra's Hardware Store.
  5055 | D:5      | Noticed an ice beast
  5199 | D:5      | Killed an ice beast
  5211 | D:5      | Noticed a black bear
  5228 | D:5      | Killed a black bear
  5269 | D:5      | Noticed a sky beast
  5291 | D:5      | Killed a sky beast
  5291 | D:5      | Reached XP level 7. HP: 44/44 MP: 11/19
  5355 | D:5      | Noticed an ice beast
  5540 | D:4      | Gained mutation: You are resistant to electric shocks. [mutagenic meat]
  5936 | D:4      | Learned a level 3 spell: Conjure Flame
  5939 | D:4      | Learned a level 2 spell: Repel Missiles
  6178 | D:5      | Killed an ice beast
  6459 | D:5      | Killed lhllhlh's ghost
  6459 | D:5      | Reached skill level 6 in Spellcasting
  6668 | D:6      | Noticed Duvessa
  6668 | D:6      | Noticed Dowan
  6669 | D:6      | Found Skamiymo's Antique Weapon Boutique.
  6676 | D:6      | Noticed Pikel
  6997 | D:5      | Noticed an ice beast
  7277 | D:5      | Killed an ice beast
  7277 | D:5      | Reached XP level 8. HP: 32/50 MP: 4/22
  7589 | D:5      | Killed an ice beast
  7833 | D:5      | Paralysed by a giant eyeball for 4 turns
  7840 | D:5      | Paralysed by a giant eyeball for 2 turns
  7847 | D:5      | Paralysed by a giant eyeball for 3 turns
  8446 | D:6      | Killed Dowan
  8595 | D:6      | HP: 2/50 [Duvessa/elven short sword of draining (9)]
  8595 | D:6      | Slain by Duvessa

Action                   |  1- 3 |  4- 6 |  7- 9 || total
-------------------------+-------+-------+-------++-------
Melee: Unarmed           |    19 |       |       ||    19
       Dagger            |     6 |    33 |       ||    39
       Short sword       |       |    15 |       ||    15
       Long sword        |       |    19 |    23 ||    42
 Cast: Magic Dart        |    58 |    45 |    27 ||   130
       Call Imp          |    10 |   106 |   150 ||   266
       Blink             |       |    11 |     7 ||    18
       Slow              |       |     3 |       ||     3
       Mephitic Cloud    |       |     2 |     1 ||     3
       Conjure Flame     |       |       |     5 ||     5
Evoke: Wand              |       |     4 |     1 ||     5
  Use: Scroll            |       |     7 |     5 ||    12
       Potion            |       |     3 |     6 ||     9
 Stab: Distracted        |       |       |     1 ||     1
